 Dungeon Crawl Stone Soup version 0.30-a0-913-g9934a0ce24 (webtiles) character file.

Game seed: 8442367193650340853

19509 cforsyth the Blocker (level 13, -1/106 HPs)
             Began as a Human Fighter on Mar 20, 2023.
             Was a High Priest of Okawaru.
             Slain by a large abomination (24 damage)
             ... on level 1 of the Abyss.
             The game lasted 00:23:21 (11816 turns).

cforsyth the Blocker (Human Fighter)               Turns: 11816, Time: 00:23:21

Health: -1/106     AC: 38    Str: 24      XL:     13   Next: 5%
Magic:  13/13      EV:  8    Int:  8 (9)  God:    Okawaru [*****.]
Gold:   404        SH:  6    Dex: 10 (11) Spells: 12/12 levels left

rFire   + . .      SeeInvis .    t - +3 flail (protect)
rCold   + . .      Faith    .    c - +0 buckler
rNeg    . . .      Spirit   .    w - +7 chain mail "Kuitau" {Rampage}
rPois   .          Reflect  .    G - +0 helmet
rElec   .          Rampage  +    (no cloak)
rCorr   .          Rage     3%   L - +1 pair of gloves
Will    +....                    (no boots) Stlth
                                 (no amulet)
HPRegen 0.37/turn                i - ring of Sloth {rF+ AC+4 Str+3}
MPRegen 0.13/turn                C - ring of Dafraenturch {rC+ Will+ AC+4}

@: under a protective aura, on berserk cooldown, slowed, studying
Translocations, very slow
A: berserk 1, clumsy 1, mutation resistance 1
a: Renounce Religion, Heroism, Finesse, Duel


You were on level 1 of the Abyss.
You worshipped Okawaru.
Okawaru was extremely pleased with you.
You visited 2 branches of the dungeon, and saw 11 of its levels.
You visited the Abyss 1 time.

You collected 648 gold pieces.
You spent 244 gold pieces at shops.

Inventory:

Hand Weapons
 a - a +0 flail
 t - a +3 flail of protection (weapon)
 K - the +4 mace of Ancient Evil {venom, rPois Stlth+}
   (You found it on level 7 of the Dungeon)

   rPois:     It protects you from poison.
   Stlth:     It makes you more stealthy.
Armour
 c - a +0 buckler (worn)
 w - the +7 chain mail "Kuitau" (worn) {Rampage}
   (You bought it in a shop on level 3 of the Dungeon)

   Rampage:   It bestows one free step when moving towards enemies.
 G - a +0 helmet (worn)
 L - a +1 pair of gloves (worn)
Jewellery
 b - a +5 ring of evasion
 g - a ring of magical power
 i - the ring of Sloth (left hand) {rF+ AC+4 Str+3}
   (You acquired it on level 10 of the Dungeon)

   [ring of protection]

   AC:        It affects your AC (+4).
   Str:       It affects your strength (+3).
   rF:        It protects you from fire.
 v - a ring of fire
 C - the ring of Dafraenturch (right hand) {rC+ Will+ AC+4}
   (You found it on level 5 of the Dungeon)

   [ring of protection]

   AC:        It affects your AC (+4).
   rC:        It protects you from cold.
   Will:      It increases your willpower.
 D - a ring of fire
 E - a ring of wizardry
 H - a +6 ring of strength
Wands
 J - a wand of polymorph (5)
 N - a wand of acid (12)
 O - a wand of mindburst (18)
Scrolls
 e - 2 scrolls of amnesia
 l - a scroll of torment
 m - 2 scrolls of blinking
 n - 3 scrolls of enchant weapon
 o - a scroll of poison
 y - a scroll of enchant armour
 z - 2 scrolls of vulnerability {unknown}
 F - a scroll of teleportation
 P - a scroll of immolation
 Q - a scroll of fear
Potions
 d - 3 potions of might
 f - a potion of curing
 h - 2 potions of haste
 q - 4 potions of lignification
 r - 3 potions of attraction
 s - a potion of brilliance
 x - a potion of mutation
 B - a potion of cancellation


   Skills:
 + Level 11.1 Fighting
 - Level 9.1 Maces & Flails
 + Level 11.1 Armour
 + Level 11.2 Shields


You had 12 spell levels left.
You didn't know any spells.
Your spell library contained the following spells:

 Spells                   Type           Power      Damage    Failure   Level
 Apportation              Tloc           0%         N/A       95%         1
 Beastly Appendage        Tmut           0%         N/A       95%         1
 Necrotise                Necr           0%         1d4       95%         1
 Wereblood                Tmut           0%         N/A       99%         2
 Gell's Gravitas          Tloc           0%         N/A       100%        3
 Spider Form              Tmut/Pois      0%         N/A       100%        3
 Teleport Other           Tloc           0%         N/A       100%        3
 Vampiric Draining        Necr           0%         2d6       100%        3
 Agony                    Necr           0%         N/A       100%        5
 Dispersal                Tloc           0%         N/A       100%        6
 Summon Small Mammal      Summ           Unusable   N/A       N/A         1

Dungeon Overview and Level Annotations

Branches:
Dungeon (10/15)            Temple (1/1) D:6            Lair (0/5) D:10
    Orc: D:9-12

Altars:
Ashenzari
Cheibriados
Dithmenos
Elyvilon
Fedhas
Gozag
Hepliaklqana
Kikubaaqudgha
Makhleb
Nemelex Xobeh
Okawaru
Qazlal
Ru
Sif Muna
Trog
Uskayaw
Vehumet
Wu Jian
Xom
Yredelemnul
Zin
The Shining One

Shops:
D:1 =   D:2 =   D:3 [*   D:9 (

Annotations:
D:9 2 transporters, cforsyth's ghost, novice BaFi
D:10 Sonja


Innate Abilities, Weirdness & Mutations

You sometimes lose your temper in combat.
You are clumsy. (Dex -2)
You are somewhat resistant to further mutation.


Message History

The ynoxinul bellows!
The ynoxinul gestures at you. The iron shot hits you!!
* * * LOW HITPOINT WARNING * * *
The ynoxinul gestures.
You closely miss the ynoxinul. The ufetubus closely misses you.
The ufetubus hits you but does no damage.
The ynoxinul gestures.
You bludgeon the ynoxinul!!
Your weapon exudes an aura of protection.
The ynoxinul is heavily wounded.
You block the ufetubus's attack.
The ufetubus hits you but does no damage.
A red film seems to cover your vision as you go berserk!
You feel yourself moving faster!
You feel mighty!
You sock the ynoxinul!
You kill the ynoxinul!
Okawaru accepts your kill.
The ufetubus disappears in a puff of smoke! x2
Unknown command.
Calm down first, please.
You start resting.
You feel a strong urge to attack something.
You start resting.
You feel your anger nearly subside.
You start resting.
You are no longer berserk.
You are exhausted.
You feel yourself slow down.
You start resting.
A large abomination comes into view.
A large abomination is nearby!
You hit the large abomination.
Your weapon exudes an aura of protection.
The large abomination is lightly damaged.
The large abomination closely misses you.
You hit the large abomination but do no damage.
The large abomination is lightly damaged.
You block the large abomination's attack.
The large abomination hits you!!
You die...

# # . #
.### . .
#..#~ . .#
. . #
#######..
###.. . .
..## #.. .
...♣ # #
#X#.. .
.... ~
#@#....
...## #.#
... .. .
#.#. . ..
#.8.8.8..#
. .#.. #
#.. .#
..#.#. ..#
.## #####
# .. #.
..## . .
#§#. ....
#


You could see a large abomination.

Vanquished Creatures
  A tentacled starspawn (Abyss:1)
  A boulder beetle (D:8)
  3 two-headed ogres
  A thrashing horror (Abyss:1)
  A wretched star (Abyss:1)
  Amaemon (D:9)
  Pikel (D:7)
  A smoke demon (Abyss:1)
  Maggie (D:6)
  3 orange demons
  A hornet (D:8)
  A raiju (Abyss:1)
  Sigmund (D:3)
  Eustachio (D:6)
  A wraith (D:9)
  A ynoxinul (Abyss:1)
  A chaos spawn (Abyss:1)
  Grum (D:8)
  A neqoxec (Abyss:1)
  A large abomination (Abyss:1)
  3 water moccasins
  A sky beast (Abyss:1)
  3 orc warriors
  A black bear (D:5)
  2 wolves
  7 centaurs
  3 ogres
  A kobold brigand (D:9)
  Blork the orc (D:4)
  A bullfrog (D:6)
  2 gnoll sergeants
  4 scorpions
  2 small abominations (Abyss:1)
  10 wights
  A howler monkey (D:5)
  A quasit (Abyss:1)
  A hound (D:5)
  8 orc priests
  A jelly (D:6)
  2 sleepcaps
  Jessica (D:3)
  A gnoll bouda (D:7)
  Ijyb (D:4)
  2 iguanas (D:5)
  9 orc wizards
  6 adders
  17 gnolls
  A shadow imp (D:7)
  5 white imps
  An ufetubus (Temple)
  3 worms (D:2)
  5 dart slugs
  43 orcs
  3 bats
  7 endoplasms
  4 giant cockroaches
  8 goblins
  5 hobgoblins
  8 jackals
  11 kobolds
  5 quokkas
  8 ball pythons
  8 frilled lizards
  7 rats
  A starspawn tentacle (Abyss:1)
249 creatures vanquished.

Vanquished Creatures (others)
  An orc wizard (D:4)
  3 starspawn tentacles (Abyss:1)
4 creatures vanquished.

Grand Total: 253 creatures vanquished

Notes
Turn   | Place    | Note
-------+----------+-------------------------------------------
     0 | D:1      | cforsyth the Human Fighter began the quest for the Orb.
     0 | D:1      | Reached XP level 1. HP: 18/18 MP: 1/1
    17 | D:1      | Reached XP level 2. HP: 22/24 MP: 2/2
   162 | D:1      | Reached XP level 3. HP: 22/29 MP: 3/3
   211 | D:1      | Found Apliam's Jewellery Shoppe.
  1000 | D:2      | Found a broken altar of Ashenzari.
  1006 | D:2      | Reached XP level 4. HP: 35/35 MP: 4/4
  1263 | D:2      | Found Xyurghir's Jewellery Emporium.
  1716 | D:3      | Found a sacrificial altar of Ru.
  1739 | D:3      | Found Plog's Antique Armour Boutique.
  1774 | D:3      | Noticed a great orb of eyes
  1776 | D:3      | Found a faded altar of an unknown god.
  1778 | D:3      | Noticed a floating eye
  1778 | D:3      | Noticed a shining eye
  1778 | D:3      | Noticed an eye of devastation
  1817 | D:3      | Reached XP level 5. HP: 31/42 MP: 5/5
  1875 | D:3      | Noticed Sigmund
  1876 | D:3      | Found Punnesk's Assorted Antiques.
  1894 | D:3      | Killed Sigmund
  1895 | D:3      | Reached XP level 6. HP: 17/49 MP: 6/6
  1897 | D:3      | Noticed Jessica
  1905 | D:3      | Killed Jessica
  2715 | D:4      | Reached XP level 7. HP: 55/55 MP: 7/7
  2921 | D:4      | Reached skill level 5 in Armour
  2921 | D:4      | Reached skill level 5 in Shields
  3015 | D:4      | Noticed Ijyb
  3026 | D:4      | Reached skill level 5 in Fighting
  3096 | D:3      | Bought a brightly glowing chain mail for 161 gold pieces
  3096 | D:3      | Identified the +7 chain mail "Kuitau" {Rampage} (You bought
                  | it in a shop on level 3 of the Dungeon)
  3106 | D:3      | Bought a murky amethyst potion for 15 gold pieces
  3106 | D:3      | Bought a scroll labelled OWEPRY SOPPE for 17 gold pieces
  3106 | D:3      | Bought a scroll labelled FOSHIDYMOSK for 17 gold pieces
  3251 | D:4      | Noticed Blork the orc
  3268 | D:4      | Killed Blork the orc
  3397 | D:4      | Reached XP level 8. HP: 53/63 MP: 8/8
  3665 | D:3      | Bought a scroll labelled TOUSCH WASA NATAO for 17 gold
                  | pieces
  3665 | D:3      | Bought a scroll labelled YLUURO JEZEHUSOG for 17 gold
                  | pieces
  3684 | D:5      | Entered Level 5 of the Dungeon
  4151 | D:5      | Identified the ring of Dafraenturch {rC+ Will+ AC+4}
  4769 | D:6      | Reached XP level 9. HP: 63/71 MP: 9/9
  4842 | D:6      | Noticed Eustachio
  4944 | D:6      | Killed Eustachio
  5068 | D:6      | Found a staircase to the Ecumenical Temple.
  5251 | Temple   | Entered the Ecumenical Temple
  5425 | Temple   | Became a worshipper of Warmaster Okawaru
  5586 | D:6      | Noticed Maggie
  5606 | D:6      | Killed Maggie
  5606 | D:6      | Reached * piety under Okawaru
  6247 | D:5      | Reached XP level 10. HP: 67/76 MP: 10/10
  6850 | D:7      | Found a stormy altar of Qazlal.
  6922 | D:7      | Found a blossoming altar of Fedhas.
  6942 | D:7      | Noticed Pikel
  6972 | D:7      | Killed Pikel
  6972 | D:7      | Reached ** piety under Okawaru
  7345 | D:7      | Identified the +4 mace of Ancient Evil {venom, rPois
                  | Stlth+}
  7491 | D:7      | Noticed a two-headed ogre
  7508 | D:7      | Killed a two-headed ogre
  7508 | D:7      | Reached *** piety under Okawaru
  7792 | D:4      | Killed Ijyb
  8273 | D:8      | Noticed Grum
  8588 | D:8      | Noticed a two-headed ogre
  8611 | D:8      | Killed a two-headed ogre
  8612 | D:8      | Reached XP level 11. HP: 59/89 MP: 11/11
  8967 | D:8      | Killed Grum
  8976 | D:8      | Reached **** piety under Okawaru
  9188 | D:8      | Noticed a boulder beetle
  9248 | D:8      | Killed a boulder beetle
  9249 | D:8      | Reached skill level 10 in Fighting
  9249 | D:8      | Reached skill level 10 in Armour
  9249 | D:8      | Reached skill level 10 in Shields
  9908 | D:9      | Noticed a two-headed ogre
  9919 | D:9      | Killed a two-headed ogre
 10026 | D:9      | Found a transporter.
 10043 | D:9      | Noticed cforsyth's ghost (novice BaFi)
 10060 | D:9      | Found a transporter.
 10144 | D:9      | Found Niecsega's Antique Weapon Shoppe.
 10146 | D:9      | Noticed Amaemon
 10190 | D:9      | Killed Amaemon
 10632 | D:9      | Identified the +0 plate armour of the Elven Halls {Dex+3}
 10715 | D:9      | Found a transporter.
 10733 | D:9      | Found a transporter.
 11001 | D:10     | Entered Level 10 of the Dungeon
 11001 | D:10     | Found a staircase to the Lair.
 11015 | D:10     | Identified a scroll of acquirement
 11020 | D:10     | Reached XP level 12. HP: 98/98 MP: 12/12
 11025 | D:10     | Acquired the ring of Sloth {rF+ AC+4 Str+3}
 11039 | D:10     | Noticed Sonja
 11043 | Abyss:1  | Found a corrupted altar of Lugonu.
 11043 | Abyss:1  | Cast into level 1 of the Abyss (Sonja)
 11110 | Abyss:1  | Noticed a thrashing horror
 11121 | Abyss:1  | Killed a thrashing horror
 11121 | Abyss:1  | Received a gift from Okawaru
 11172 | Abyss:1  | Noticed a great orb of eyes
 11192 | Abyss:1  | Noticed a large abomination
 11383 | Abyss:1  | Noticed a wretched star
 11404 | Abyss:1  | Killed a wretched star
 11404 | Abyss:1  | Reached ***** piety under Okawaru
 11442 | Abyss:1  | Noticed a hell knight
 11442 | Abyss:1  | Noticed a hell knight
 11444 | Abyss:1  | Noticed a hell knight
 11451 | Abyss:1  | Noticed a hell knight
 11461 | Abyss:1  | Found a corrupted altar of Lugonu.
 11652 | Abyss:1  | Found a corrupted altar of Lugonu.
 11687 | Abyss:1  | Noticed a tentacled starspawn
 11717 | Abyss:1  | Killed a tentacled starspawn
 11717 | Abyss:1  | Gained mutation: You are clumsy. (Dex -2) [a neqoxec]
 11718 | Abyss:1  | Noticed a large abomination
 11735 | Abyss:1  | Gained mutation: You are somewhat resistant to further
                  | mutation. [a neqoxec]
 11738 | Abyss:1  | Gained mutation: You sometimes lose your temper in combat.
                  | [a neqoxec]
 11767 | Abyss:1  | Reached XP level 13. HP: 18/106 MP: 13/13
 11816 | Abyss:1  | Slain by a large abomination

Illustrated notes

Levels and vault maps discovered:
D:1:      dpeg_arrival_rooms_c, layout_basic, serial_shops,
          nicolae_shop_crystal, minmay_cupped
D:2:      layout_basic, serial_shops, shop, basic_altar,
          hangedman_abyss_or_decor_lesser_grid
D:3:      layout_rooms, mainiacjoe_overflow_tiny_flanked,
          hellmonk_ecumenical_altar_watching_god, serial_shops, shop_statue,
          nicolae_shop_waterfront, uniq_sigmund, uniq_jessica
D:4:      layout_rooms, minmay_stone_trees_small, grunt_ministairs_8,
          uniq_blork_the_orc, uniq_ijyb
D:5:      layout_cave_pods
D:6:      layout_basic, minmay_temple_entry_large_hall, uniq_maggie,
          uniq_eustachio
D:7:      layout_loops_ring, nicolae_qazlal_eye_of_the_storm, fedhas_altar_1,
          minmay_manual_moon, uniq_pikel
D:8:      layout_basic, uniq_grum
D:9:      layout_roguey, gammafunk_ghost_stat_death, serial_shops,
          nicolae_shop_temple_entry_statues_fountains, uniq_amaemon
D:10:     layout_long_grid, lair_entry_dummy, enter_bailey_5,
          hangedman_abyss_or_decor_stabs, uniq_sonja, uniq_joseph
Temple:   nicolae_temple_bog_church
Abyss:1:  base: D:9, spicy_abyss_unhelpful_harpoons

Skill      XL: |  1  2  3  4  5  6  7  8  9 10 11 12 |
---------------+-------------------------------------+-----
Fighting       | 4 5 6 8 9 10 11 | 11.1
Armour         | 4 5 6 8 9 10 11 | 11.1
Shields        | 4 5 6 8 9 10 11 | 11.2
Maces & Flails | 9 |  9.1

Action                     |  1- 3 |  4- 6 |  7- 9 | 10-12 | 13-15 || total
---------------------------+-------+-------+-------+-------+-------++-------
  Melee: Flail             |   111 |   119 |   475 |   641 |    10 ||  1356
         Unarmed           |       |       |     3 |       |       ||     3
  Evoke: Wand              |       |       |       |     5 |       ||     5
    Use: Potion            |       |     4 |       |     9 |     1 ||    14
         Scroll            |       |       |     1 |    24 |       ||    25
 Armour: Scale mail        |    73 |    48 |    26 |       |       ||   147
         Chain mail        |       |       |   615 |   476 |     6 ||  1097
         Skin              |       |       |       |    10 |       ||    10
  Dodge: Dodged            |    63 |    50 |   578 |   463 |     2 ||  1156
  Block: Buckler           |    42 |    27 |   253 |   289 |     4 ||   615

Table legend: (Time is in decaauts)
 A = Elapsed time spent in this place.
 B = Non-inter-level travel time spent in this place.
 C = Inter-level travel time spent in this place.
 D = Time resting spent in this place.
 E = Time spent auto-exploring this place.
 F = Levels seen in this place.
 G = Mean time per level.
                   A        B        C        D        E       F      G
               +--------+--------+--------+--------+--------+-----+--------+
         Total |  12179 |  11657 |    522 |   1434 |   7324 |  12 | 1014.9 |
       Dungeon |  11164 |  10654 |    510 |   1266 |   6849 |  10 | 1116.4 |
        Temple |    251 |    239 |     12 |     25 |    148 |   1 |  251.0 |
         Abyss |    762 |    762 |      0 |    143 |    326 |   1 |  762.0 |
               +--------+--------+--------+--------+--------+-----+--------+

Top non-repeatable levels by time:
     D:5: 1604 daAuts
     D:7: 1535 daAuts
     D:9: 1495 daAuts
     D:8: 1220 daAuts
     D:6: 1185 daAuts
     D:4: 1175 daAuts
     D:3: 1133 daAuts
     D:1: 1037 daAuts
 Abyss:1: 762 daAuts
     D:2: 736 daAuts
  Temple: 251 daAuts
    D:10: 40 daAuts
